| TOP OF THE 1ST |
|
Florida State University Seminoles batting - Pitching for University of Conneticut Huskies : LHP Matt Darrach
|
|
Pitching: LHP Matt Darrach
|
|
|
Batting: RHB Jonathan Iniguez
|
0-0: Called Strike 0-1: Ball 1-1: Ball 2-1: Ball 3-1: Fly out, F7 (Flyball, 7D, EV 83.1 MPH)
|
|
Batting: RHB Lupe Barrera
|
0-0: Called Strike 0-1: Ball 1-1: Foul Ball, location: 2F 1-2: Foul Ball, location: 2F 1-2: Ball 2-2: SINGLE (Line Drive, 56D, EV 98.1 MPH)
|
|
Batting: LHB Jai-guo Bian
|
0-0: Called Strike 0-1: Fly out, F7 (Flyball, 78D, EV 94.4 MPH)
|
|
Batting: RHB Rafael Gil
|
0-0: Ball 1-0: 2-RUN HOME RUN (Line Drive, 78XD, EV 115.6 MPH), Distance : 441 ft
|
|
Batting: RHB Brad Brady
|
0-0: SINGLE (Line Drive, 8LS, EV 101.9 MPH)
|
|
Batting: RHB Zach Maguire
|
0-0: Called Strike 0-1: Fly out, F8 (Flyball, 78D, EV 103.1 MPH)
|
| Top of the 1st over - 2 runs, 3 hits, 0 errors, 1 left on base; Florida State University 2 - University of Conneticut 0 |
| BOTTOM OF THE 1ST |
|
University of Conneticut Huskies batting - Pitching for Florida State University Seminoles : RHP Andres Guillen
|
|
Pitching: RHP Andres Guillen
|
|
|
Batting: RHB Mario Verduzco
|
0-0: Foul Ball, location: 2F 0-1: SINGLE (Flyball, 8LS, EV 91.9 MPH)
|
|
Batting: RHB Bill Stern
|
0-0: Ball 1-0: Foul Ball, location: 2F 1-1: 2-RUN HOME RUN (Flyball, 9D, EV 97.5 MPH), Distance : 363 ft
|
|
Batting: LHB George Roben
|
0-0: Foul Ball, location: 2F 0-1: Ball 1-1: Ball 2-1: Ball 3-1: Called Strike 3-2: Base on Balls
|
|
Batting: RHB Nick Lombardo
|
0-0: Ball 1-0: Ball 2-0: Foul Ball, location: 2F 2-1: Foul Ball, location: 2F 2-2: SINGLE (Groundball, 6S, EV 66.3 MPH) (infield hit) George Roben to second
|
|
Batting: RHB Tim Jobe
|
0-0: Ball 1-0: Fly out, F4 (Popup, 4, EV 57.5 MPH)
|
|
Batting: RHB Frank Pena
|
0-0: Ball 1-0: Fly out, F3 (Popup, 23F, EV 86.3 MPH)
|
|
Batting: RHB Kelly Hinckle
|
0-0: Ball 1-0: Fielders Choice at 2nd, 6-4 (Groundball, 6, EV 104.4 MPH)
|
| Bottom of the 1st over - 2 runs, 3 hits, 0 errors, 2 left on base; Florida State University 2 - University of Conneticut 2 |
| TOP OF THE 2ND |
|
Florida State University Seminoles batting - Pitching for University of Conneticut Huskies : LHP Matt Darrach
|
|
Batting: RHB Manny Hensley
|
0-0: Foul Ball, location: 2F 0-1: SINGLE (Groundball, 6MD, EV 97.5 MPH)
|
|
Batting: RHB Efrain Cedeno
|
0-0: DOUBLE (Groundball, 5L, EV 106.9 MPH) Manny Hensley to third
|
|
Batting: RHB Bob Buckler
|
0-0: Foul Ball, location: 2F 0-1: Fly out, F7 (Flyball, 7, EV 93.8 MPH) Runner from 3rd tags up, SCORES, throw by LF
|
|
Batting: RHB Jonathan Iniguez
|
0-0: Foul Ball, location: 2F 0-1: Ball 1-1: Ball 2-1: Ground out 6-3 (Groundball, 6, EV 85.6 MPH)
|
|
Batting: RHB Lupe Barrera
|
0-0: Ball 1-0: Ball 2-0: Called Strike 2-1: Foul Ball, location: 2F 2-2: Ground out 6-3 (Groundball, 6, EV 86.9 MPH)
|
| Top of the 2nd over - 1 run, 2 hits, 0 errors, 1 left on base; Florida State University 3 - University of Conneticut 2 |
| BOTTOM OF THE 2ND |
|
University of Conneticut Huskies batting - Pitching for Florida State University Seminoles : RHP Andres Guillen
|
|
Batting: RHB Marco Castillo
|
0-0: Called Strike 0-1: Ball 1-1: Called Strike 1-2: Foul Ball, location: 2F 1-2: Ball 2-2: Strikes out looking
|
|
Batting: RHB Chris Bejarano
|
0-0: Called Strike 0-1: Swinging Strike 0-2: Ball 1-2: Foul Ball, location: 2F 1-2: SINGLE (Groundball, 4MD, EV 106.9 MPH) (infield hit)
|
|
Batting: RHB Mario Verduzco
|
0-0: Called Strike 0-1: Ball Chris Bejarano steals 2nd base 1-1: Foul Ball, location: 2F 1-2: Fly out, F7 (Flyball, 78D, EV 106.9 MPH)
|
|
Batting: RHB Bill Stern
|
0-0: Ball 1-0: Swinging Strike 1-1: Swinging Strike 1-2: Strikes out swinging
|
| Bottom of the 2nd over - 0 runs, 1 hit, 0 errors, 1 left on base; Florida State University 3 - University of Conneticut 2 |
| TOP OF THE 3RD |
|
Florida State University Seminoles batting - Pitching for University of Conneticut Huskies : LHP Matt Darrach
|
|
Batting: LHB Jai-guo Bian
|
0-0: Ball 1-0: Ball 2-0: Ball 3-0: Base on Balls
|
|
Batting: RHB Rafael Gil
|
0-0: Ball 1-0: Ball 2-0: Fly out, F9 (Flyball, 9LM, EV 90.0 MPH)
|
|
Batting: RHB Brad Brady
|
0-0: Fly out, F8 (Line Drive, 8RM, EV 106.3 MPH)
|
|
Batting: RHB Zach Maguire
|
0-0: Ball Balk! Jai-guo Bian to second 1-0: Ground out 6-3 (Groundball, 56, EV 88.8 MPH)
|
| Top of the 3rd over - 0 runs, 0 hits, 0 errors, 1 left on base; Florida State University 3 - University of Conneticut 2 |
| BOTTOM OF THE 3RD |
|
University of Conneticut Huskies batting - Pitching for Florida State University Seminoles : RHP Andres Guillen
|
|
Batting: LHB George Roben
|
0-0: Ball 1-0: Ball 2-0: Fly out, F5 (Line Drive, 5, EV 70.0 MPH)
|
|
Batting: RHB Nick Lombardo
|
0-0: Foul Ball, location: 2F 0-1: SINGLE (Flyball, 8LS, EV 85.6 MPH)
|
|
Batting: RHB Tim Jobe
|
0-0: Called Strike 0-1: Ball 1-1: Ball 2-1: Fly out, F9 (Flyball, 89S, EV 85.6 MPH)
|
|
Batting: RHB Frank Pena
|
0-0: Reached on error, E5 (Groundball, 56S, EV 86.9 MPH) Nick Lombardo to second
|
|
Batting: RHB Kelly Hinckle
|
0-0: Ball 1-0: Ball 2-0: Swinging Strike 2-1: Fly out, F7 (Flyball, 7LM, EV 96.9 MPH)
|
| Bottom of the 3rd over - 0 runs, 1 hit, 1 error, 2 left on base; Florida State University 3 - University of Conneticut 2 |
| TOP OF THE 4TH |
|
Florida State University Seminoles batting - Pitching for University of Conneticut Huskies : LHP Matt Darrach
|
|
Batting: RHB Manny Hensley
|
0-0: Ball 1-0: Ball 2-0: Called Strike 2-1: Ball 3-1: SINGLE (Flyball, 8RS, EV 91.3 MPH) - OUT at second base trying to stretch hit.
|
|
Batting: RHB Efrain Cedeno
|
0-0: Called Strike 0-1: Ball 1-1: Ground out 6-3 (Groundball, 6, EV 103.8 MPH)
|
|
Batting: RHB Bob Buckler
|
0-0: Ball 1-0: Ball 2-0: Called Strike 2-1: Ball 3-1: Base on Balls
|
|
Batting: RHB Jonathan Iniguez
|
0-0: Ball 1-0: Called Strike 1-1: Foul Ball, location: 2F 1-2: Ball 2-2: Strikes out looking
|
| Top of the 4th over - 0 runs, 1 hit, 0 errors, 1 left on base; Florida State University 3 - University of Conneticut 2 |
| BOTTOM OF THE 4TH |
|
University of Conneticut Huskies batting - Pitching for Florida State University Seminoles : RHP Andres Guillen
|
|
Batting: RHB Marco Castillo
|
0-0: Called Strike 0-1: Swinging Strike 0-2: Strikes out swinging
|
|
Batting: RHB Chris Bejarano
|
0-0: Foul Ball, location: 2F 0-1: Called Strike 0-2: Fly out, F2 (Popup, 25F, EV 81.3 MPH)
|
|
Batting: RHB Mario Verduzco
|
0-0: DOUBLE (Line Drive, 9LS, EV 90.6 MPH)
|
|
Batting: RHB Bill Stern
|
0-0: Ball 1-0: Foul Ball, location: 2F 1-1: Foul Ball, location: 2F 1-2: Hit by Pitch
|
|
Batting: LHB George Roben
|
0-0: Ball 1-0: Foul Ball, location: 2F 1-1: Foul Ball, location: 2F 1-2: Foul Ball, location: 2F 1-2: Ball 2-2: Foul Ball, location: 2F 2-2: Ball Wild Pitch! Mario Verduzco to third Bill Stern to second 3-2: Base on Balls
|
|
Batting: RHB Nick Lombardo
|
0-0: SINGLE (Line Drive, 78M, EV 101.3 MPH) Mario Verduzco scores Bill Stern to third George Roben to second
|
|
Pitching: RHP Dustin Nichols
|
|
|
Batting: RHB Tim Jobe
|
0-0: Ground out U3 (Groundball, 34, EV 82.5 MPH)
|
| Bottom of the 4th over - 1 run, 2 hits, 0 errors, 3 left on base; Florida State University 3 - University of Conneticut 3 |
| TOP OF THE 5TH |
|
Florida State University Seminoles batting - Pitching for University of Conneticut Huskies : LHP Matt Darrach
|
|
Pitching: LHP Jimmy Heinecke
|
|
|
Pinch Hitting: RHB Sal Guzman
|
0-0: Ball 1-0: Foul Ball, location: 2F 1-1: Hit by Pitch
|
|
Batting: LHB Jai-guo Bian
|
0-0: Swinging Strike Passed Ball! Sal Guzman to second 0-1: Ground out U3 (Groundball, 34, EV 106.9 MPH) Sal Guzman to third
|
|
Batting: RHB Rafael Gil
|
0-0: Ball 1-0: Ball 2-0: Foul Ball, location: 2F 2-1: Fly out, F8 (Line Drive, 8RM, EV 92.5 MPH) Runner from 3rd tags up, SCORES, throw by CF
|
|
Batting: RHB Brad Brady
|
0-0: Ball 1-0: SINGLE (Line Drive, 34D, EV 110.0 MPH)
|
|
Batting: RHB Zach Maguire
|
0-0: Foul Ball, location: 2F 0-1: Ball 1-1: DOUBLE (Line Drive, 89D, EV 109.4 MPH) Brad Brady to third Runner from 3rd tries for Home, SAFE, no throw by RF
|
|
Batting: RHB Manny Hensley
|
0-0: Called Strike 0-1: Ball 1-1: Foul Ball, location: 2F 1-2: SINGLE (Groundball, 6MD, EV 98.1 MPH) Zach Maguire to third Runner from 3rd tries for Home, throw by CF and OUT! 8-2
|
| Top of the 5th over - 2 runs, 3 hits, 0 errors, 1 left on base; Florida State University 5 - University of Conneticut 3 |
| BOTTOM OF THE 5TH |
|
University of Conneticut Huskies batting - Pitching for Florida State University Seminoles : RHP Dustin Nichols
|
|
Now in RF: Bill Girton
|
|
|
Batting: RHB Frank Pena
|
0-0: Ball 1-0: Ball 2-0: Swinging Strike 2-1: Swinging Strike 2-2: Ground out 4-3 (Groundball, 4, EV 93.1 MPH)
|
|
Batting: RHB Kelly Hinckle
|
0-0: Ground out 5-3 (Groundball, 56, EV 91.9 MPH)
|
|
Batting: RHB Marco Castillo
|
0-0: Swinging Strike 0-1: Ground out 6-3 (Groundball, 6, EV 88.8 MPH)
|
| Bottom of the 5th over - 0 runs, 0 hits, 0 errors, 0 left on base; Florida State University 5 - University of Conneticut 3 |
| TOP OF THE 6TH |
|
Florida State University Seminoles batting - Pitching for University of Conneticut Huskies : LHP Jimmy Heinecke
|
|
Batting: RHB Efrain Cedeno
|
0-0: Called Strike 0-1: Swinging Strike 0-2: Strikes out swinging
|
|
Batting: RHB Bob Buckler
|
0-0: Ball 1-0: Ground out 5-3 (Groundball, 5, EV 84.4 MPH)
|
|
Batting: RHB Jonathan Iniguez
|
0-0: Swinging Strike 0-1: Ball 1-1: Ball 2-1: Called Strike 2-2: Strikes out swinging
|
| Top of the 6th over - 0 runs, 0 hits, 0 errors, 0 left on base; Florida State University 5 - University of Conneticut 3 |
| BOTTOM OF THE 6TH |
|
University of Conneticut Huskies batting - Pitching for Florida State University Seminoles : RHP Dustin Nichols
|
|
Batting: RHB Chris Bejarano
|
0-0: Ball 1-0: Foul Ball, location: 2F 1-1: Called Strike 1-2: Ball 2-2: Ground out U3 (Groundball, 3, EV 86.3 MPH)
|
|
Batting: RHB Mario Verduzco
|
0-0: Ball 1-0: DOUBLE (Line Drive, 7LS, EV 106.9 MPH)
|
|
Pinch Hitting: LHB Mario Cornejo
|
0-0: Ball 1-0: Ball 2-0: Called Strike 2-1: Ball 3-1: Fly out, F8 (Flyball, 78XD, EV 103.8 MPH)
|
|
Batting: LHB Alex Ordonez
|
0-0: Foul Ball, location: 2F 0-1: Ball 1-1: Foul Ball, location: 2F 1-2: Ball 2-2: Ball 3-2: Foul Ball, location: 2F 3-2: 2-RUN HOME RUN (Flyball, 78XD, EV 114.4 MPH), Distance : 454 ft
|
|
Batting: RHB Nick Lombardo
|
0-0: Called Strike 0-1: Ground out 1-3 (Groundball, 25, EV 63.1 MPH)
|
| Bottom of the 6th over - 2 runs, 2 hits, 0 errors, 0 left on base; Florida State University 5 - University of Conneticut 5 |
| TOP OF THE 7TH |
|
Florida State University Seminoles batting - Pitching for University of Conneticut Huskies : LHP Jimmy Heinecke
|
|
Pitching: LHP Conor Bailey
|
|
|
Now at 1B: Mario Cornejo
|
|
|
Pinch Hitting: LHB Steve LeGrand
|
0-0: Ball 1-0: Ball 2-0: Foul Ball, location: 2F 2-1: Foul Ball, location: 2F 2-2: Strikes out swinging
|
|
Pinch Hitting: RHB Tin-jong Ping
|
0-0: Called Strike 0-1: Ball 1-1: Ball 2-1: Fly out, F7 (Flyball, 7LS, EV 86.3 MPH)
|
|
Batting: RHB Rafael Gil
|
0-0: SOLO HOME RUN (Flyball, 9LD, EV 93.8 MPH), Distance : 348 ft
|
|
Batting: RHB Brad Brady
|
0-0: Ball 1-0: Ball 2-0: Hit by Pitch, AND HE CHARGES THE MOUND! The benches clear!
|
|
Pitching: RHP Takahiko Hamasaki
|
|
|
Pinch Runner at 1st Dong-u Chang:
|
|
|
Batting: RHB Bill Nguyen-Tan
|
0-0: Swinging Strike 0-1: Ball 1-1: Called Strike 1-2: Ball 2-2: Ball 3-2: Foul Ball, location: 2F 3-2: Ground out 4-3 (Groundball, 4, EV 109.4 MPH)
|
| Top of the 7th over - 1 run, 1 hit, 0 errors, 1 left on base; Florida State University 6 - University of Conneticut 5 |
| BOTTOM OF THE 7TH |
|
University of Conneticut Huskies batting - Pitching for Florida State University Seminoles : RHP Dustin Nichols
|
|
Pitching: LHP John Centner
|
|
|
Now at 1B: Toyohiko Nakajima
|
|
|
Now at 3B: Jeremy Buck
|
|
|
Now in RF: Taffounnout Kame
|
|
|
Pinch Hitting: RHB Paul Lenglet
|
0-0: Foul Ball, location: 2F 0-1: Swinging Strike 0-2: Ball 1-2: Ball 2-2: Ball 3-2: Base on Balls
|
|
Batting: RHB Frank Pena
|
0-0: Called Strike 0-1: SINGLE (Line Drive, 34D, EV 100.0 MPH) Paul Lenglet to second
|
|
Batting: RHB Kelly Hinckle
|
0-0: Foul Ball, location: 2F 0-1: Foul Ball, location: 2F 0-2: Ball 1-2: Ball 2-2: Ball 3-2: Foul Ball, location: 2F 3-2: Foul Ball, location: 2F 3-2: SINGLE (Line Drive, 8LS, EV 112.5 MPH) Paul Lenglet to third Frank Pena to second Runner from 3rd tries for Home, SAFE, throw by CF to home
|
|
Pinch Hitting: RHB Hector Tabares
|
0-0: Bunt missed! 0-1: Sac Bunt to 13S - play at first, batter OUT! 1-4 Frank Pena to third Kelly Hinckle to second
|
|
Pinch Hitting: RHB Vinny Torres
|
0-0: Ball 1-0: Ball 2-0: Called Strike 2-1: Foul Ball, location: 2F 2-2: Foul Ball, location: 2F 2-2: Foul Ball, location: 2F 2-2: SINGLE (Groundball, 25, EV 64.4 MPH) (infield hit)
|
|
Pinch Hitting: RHB Justin Matherson
|
0-0: Called Strike 0-1: Ball 1-1: Ball 2-1: Foul Ball, location: 2F 2-2: Ball 3-2: Base on Balls Frank Pena scores Kelly Hinckle to third Vinny Torres to second
|
|
Batting: LHB Mario Cornejo
|
0-0: Foul Ball, location: 2F 0-1: Fly out, F8 (Flyball, 8LM, EV 90.0 MPH) Runner from 3rd tags up, SCORES, throw by CF
|
|
Batting: LHB Alex Ordonez
|
0-0: Ball 1-0: Foul Ball, location: 2F 1-1: Ball 2-1: Foul Ball, location: 2F 2-2: Ground out 3-1 (Groundball, 34, EV 81.9 MPH)
|
| Bottom of the 7th over - 3 runs, 3 hits, 0 errors, 2 left on base; Florida State University 6 - University of Conneticut 8 |
| TOP OF THE 8TH |
|
Florida State University Seminoles batting - Pitching for University of Conneticut Huskies : RHP Takahiko Hamasaki
|
|
Now at 1B: Ernesto Salas
|
|
|
Now at 2B: Domingo Restrepo
|
|
|
Now at 3B: Hector Tabares
|
|
|
Now at SS: Raul Franco
|
|
|
Now in CF: Dusty Edmonds
|
|
|
Batting: RHB Manny Hensley
|
0-0: Called Strike 0-1: Foul Ball, location: 2F 0-2: Strikes out swinging
|
|
Pinch Hitting: RHB Jake Garin
|
0-0: Called Strike 0-1: Fly out, F9 (Flyball, 89D, EV 104.4 MPH)
|
|
Batting: RHB Bob Buckler
|
0-0: Called Strike 0-1: SINGLE (Groundball, 56D, EV 94.4 MPH)
|
|
Pinch Hitting: LHB Raul Maldonado
|
0-0: Ball 1-0: Ball 2-0: Ball 3-0: Called Strike 3-1: Foul Ball, location: 2F 3-2: Strikes out swinging
|
| Top of the 8th over - 0 runs, 1 hit, 0 errors, 1 left on base; Florida State University 6 - University of Conneticut 8 |
| BOTTOM OF THE 8TH |
|
University of Conneticut Huskies batting - Pitching for Florida State University Seminoles : LHP John Centner
|
|
Pitching: RHP Tyler Crum
|
|
|
Now at SS: Mark Conrad
|
|
|
Now in CF: Raul Maldonado
|
|
|
Pinch Hitting: RHB Preston Hill
|
0-0: Ball 1-0: Swinging Strike 1-1: Ball 2-1: Fly out, F5 (Popup, 15, EV 83.1 MPH)
|
|
Batting: RHB Raul Franco
|
0-0: Foul Ball, location: 2F 0-1: Ball 1-1: Foul Ball, location: 2F 1-2: Strikes out swinging
|
|
Batting: RHB Frank Pena
|
0-0: Called Strike 0-1: Called Strike 0-2: Strikes out swinging
|
| Bottom of the 8th over - 0 runs, 0 hits, 0 errors, 0 left on base; Florida State University 6 - University of Conneticut 8 |
| TOP OF THE 9TH |
|
Florida State University Seminoles batting - Pitching for University of Conneticut Huskies : RHP Takahiko Hamasaki
|
|
Pitching: RHP Chris Kroesen
|
|
|
Now in RF: Tommie Connolly
|
|
|
Batting: RHB Taffounnout Kame
|
0-0: Called Strike 0-1: Ball 1-1: Ball 2-1: Swinging Strike 2-2: Strikes out looking
|
|
Pinch Hitting: SHB Scott Kuzma
|
0-0: Ball 1-0: Ball 2-0: Ball 3-0: Called Strike 3-1: Swinging Strike 3-2: Strikes out swinging
|
|
Pinch Hitting: RHB Daniel Pena
|
0-0: Ball 1-0: Ground out 5-3 (Groundball, 15, EV 86.3 MPH)
|
| Top of the 9th over - 0 runs, 0 hits, 0 errors, 0 left on base; Florida State University 6 - University of Conneticut 8 |
|